 Dungeon Crawl Stone Soup version 0.19-a0-1831-gd4c818f (webtiles) character file.

8 Arkorax the Chopper (level 2, 0/22 HPs)
             Began as a Vine Stalker Gladiator on Oct 8, 2016.
             Succumbed to a kobold's poison
             ... on level 1 of the Dungeon.
             The game lasted 00:00:38 (181 turns).

Arkorax the Chopper (Vine Stalker Gladiator)         Turns: 181, Time: 00:00:39

Health: 0/22       AC: 21    Str: 17    XL:     2   Next: 8%
Magic:  3/3        EV:  2    Int:  8    God:
Gold:   49         SH:  0    Dex: 14    Spells: 0 memorised, 1 level left

rFire  . . .     SeeInvis .     f - bread ration {!e}
rCold  . . .     Gourm    .     (armour currently unavailable)
rNeg   + + +     Faith    .     (no shield)
rPois  +         Spirit   +     (helmet currently unavailable)
rElec  .         Dismiss  .     (cloak currently unavailable)
rCorr  .         Reflect  .     (gloves currently unavailable)
MR     .....     Harm     .     (boots currently unavailable)
Stlth  +......... NoTele   +    (no amulet)
                                (no ring)
                                (no ring)

@: lethally poisoned (0 -> -15), tree-form
A: (fangs 0), magic shield, (antimagic bite), no device heal 3, rot immunity
a: no special abilities


You were on level 1 of the Dungeon.
You were not hungry.
You were a tree.
You visited 1 branch of the dungeon, and saw 1 of its levels.

You collected 49 gold pieces.

Inventory:

Hand Weapons
 a - a +0 war axe
Missiles
 Y - 3 throwing nets (quivered)
Armour
 b - a +0 leather armour (melded)
 c - a +0 helmet (melded)
Jewellery
 e - a +6 amulet of reflection {unknown}
Scrolls
 d - a scroll of noise {unknown}
 h - a scroll of enchant weapon {unknown}
Comestibles
 f - a bread ration (in branch) {!e}


   Skills:
 + Level 1.8 Fighting
 * Level 3.0 Axes
 - Level 1.7 Throwing
 + Level 0.4 Armour
 - Level 2.4 Dodging


You had one spell level left.
You didn't know any spells.

Dungeon Overview and Level Annotations

Branches:
Dungeon (1/15)

Altars:


Innate Abilities, Weirdness & Mutations

((You have extremely sharp teeth.))
When hurt, damage is shared between your health and your magic reserves.
((Your bite disrupts and absorbs the magic of your enemies.))
Potions and wands cannot restore your health.
You are immune to rotting.


Message History

Damage: 1 (max 1)
You hit the kobold. You bite the kobold, but do no damage.
The kobold is heavily wounded.
You feel sick.
The kobold hits you with a short sword of venom.
You are lethally poisoned!
The kobold hits you but does no damage.
You are more poisoned.
Damage: 3 (max 3)
You closely miss the kobold.
The kobold is heavily wounded.
You feel sick. The kobold misses you.
Damage: 2 (max 3) Unknown command.
You closely miss the kobold. Your bite misses the kobold.
The kobold is heavily wounded.
* * * LOW HITPOINT WARNING * * *
You feel sick. The kobold barely misses you.
Damage: 2 (max 3) Unknown command.
It was a potion of lignification.
You turn into a tree.
Your +0 helmet melds into your body.
Your +0 leather armour melds into your body.
Your roots penetrate the ground.
* * * LOW HITPOINT WARNING * * *
You feel sick. The kobold hits you but does no damage.
Unknown command.
You slash the kobold!
You kill the kobold!
* * * LOW HITPOINT WARNING * * *
You feel sick.
Damage: 2 (max 3)
You cannot move.
You cannot move.
Unknown command.
Wield which item (- for none, * to show all)? (? for menu, Esc to quit)
f - a bread ration (in branch) {!e}
* * * LOW HITPOINT WARNING * * *
You feel sick.
Damage: 1 (max 3)
You swing at nothing.
* * * LOW HITPOINT WARNING * * *
You feel sick.
Damage: 1 (max 3)
You swing at nothing.
* * * LOW HITPOINT WARNING * * *
You feel sick.
Damage: 2 (max 3)
You swing at nothing.
You die...

#.# .....##.# #.#
....... #.# .....#####
#.# ....#?.... #.#
#####......... #.#
#...........(. #.#
#.............
#.#########.....#.......
................♣.......
########.####.###)......
#.####.# #......
#......# ...... #..#####
..... #..# ..... #..#
.... #### ....


There were no monsters in sight!

Vanquished Creatures
  A ball python (D:1)
  2 bats (D:1)
  A giant cockroach (D:1)
  A goblin (D:1)
  2 kobolds (D:1)
7 creatures vanquished.

Notes
Turn   | Place    | Note
-------+----------+-------------------------------------------
     0 | D:1      | Arkorax the Vine Stalker Gladiator began the quest for the Orb.
     0 | D:1      | Reached XP level 1. HP: 11/11 MP: 2/2
    56 | D:1      | Pr0man: Vs with wpn?
    72 | D:1      | Arkorax: yea
   118 | D:1      | Pr0man: no fists of fury?
   118 | D:1      | Reached skill level 3 in Axes
   118 | D:1      | Reached XP level 2. HP: 13/15 MP: 3/3
   119 | D:1      | Arkorax: nope
   119 | D:1      | Pr0man: bohoo
   119 | D:1      | Arkorax: gonna go oka
   119 | D:1      | Pr0man: oh
   119 | D:1      | Arkorax: and 2h axes
   176 | D:1      | Pr0man: woah
   176 | D:1      | Arkorax: or not
   177 | D:1      | Pr0man: well...
   177 | D:1      | HP: 6/22 [poisoned by a kobold]
   180 | D:1      | HP: 2/22 [poisoned by a kobold]
   181 | D:1      | Succumbed to a kobold's poison

Vault maps used:
D:1:      shiori_arrival_oz

Skill      XL: |  1 |
---------------+----+-----
Axes           | 3 |  3.0
Fighting       | |  1.8
Throwing       | |  1.7
Armour         | |  0.4
Dodging        | |  2.4

Action                   || total
-------------------------++-------
Melee: War axe           ||    14
       Bite              ||     2
  Use: Potion            ||     1
Armor: Leather armour    ||     2
       Skin              ||     1
Dodge: Dodged            ||    12

Table legend:
 A = Turns spent in this place as a percentage of turns spent in the entire game.
 B = Non-inter-level travel turns spent in this place as a percentage of non-inter-level travel turns spent in the entire game.
 C = Inter-level travel turns spent in this place as a percentage of turns spent in this place.
 D = Turns resting spent in this place as a percentage of non-inter-level travel turns spent in this place.
 E = Turns spent auto-exploring this place as a percentage of non-inter-level travel turns spent in this place.
 F = Non-inter-level travel turns spent in this place divided by the number of levels of this place that you've seen.
                   A       B       C       D       E      F
               +-------+-------+-------+-------+-------+----------------------
         Total | 100.0 | 100.0 |   0.0 |   0.0 |  15.7 |  83.0
       Dungeon | 100.0 | 100.0 |   0.0 |   0.0 |  15.7 |  83.0
               +-------+-------+-------+-------+-------+----------------------

Vault maps used:
D:1:      shiori_arrival_oz
